 Dungeon Crawl Stone Soup version 0.21.1-1-g345015f (webtiles) character file.

284 Iko the Skirmisher (level 6, -2/56 HPs)
             Began as a Minotaur Abyssal Knight on June 5, 2018.
             Was a Believer of Lugonu.
             Slain by an ogre
             ... wielding a +0 giant club
              (13 damage)
             ... on level 3 of the Dungeon.
             The game lasted 00:09:30 (919 turns).

Iko the Skirmisher (Minotaur Abyssal Knight)         Turns: 919, Time: 00:09:31

Health: -2/56      AC:  7    Str: 16    XL:     6   Next: 7%
Magic:  6/6        EV: 10    Int: 16    God:    Lugonu [**....]
Gold:   55         SH:  0    Dex: 10    Spells: 5/5 levels left

rFire    . . .     SeeInvis .   a - -1 falchion (curse)
rCold    . . .     Gourm    .   (no shield)
rNeg     . . .     Faith    .   e - +0 scale mail
rPois    .         Spirit   .   (helmet restricted)
rElec    .         Reflect  .   (no cloak)
rCorr    .         Harm     .   (no gloves)
MR       .....                  (no boots)
Stlth    ..........             (no amulet)
HPRegen  0.18/turn              (no ring)
MPRegen  0.10/turn              (no ring)

@: brilliant
A: retaliatory headbutt, horns 2
a: Depart the Abyss, Bend Space, Renounce Religion


You were on level 3 of the Dungeon.
You worshipped Lugonu.
Lugonu was pleased with you.
You were not hungry.

You visited 1 branch of the dungeon, and saw 4 of its levels.
You visited the Abyss 1 time.

You collected 55 gold pieces.

Inventory:

Hand Weapons
 a - a cursed -1 falchion (weapon)
 g - a +0 mace
Armour
 e - a +0 scale mail (worn)
Wands
 d - a wand of disintegration (15)
Scrolls
 f - 2 scrolls of immolation
 i - a scroll of teleportation
Books
 h - a book of Misfortune

   Spells                             Type                      Level
   a - Confusing Touch                Hexes                        1
   b - Confuse                        Hexes                        3
   c - Gell's Gravitas                Translocation                3
   d - Petrify                        Transmutation/Earth          4
   e - Metabolic Englaciation         Hexes/Ice                    5
   f - Yara's Violent Unravelling     Hexes/Transmutation          5
Comestibles
 c - 2 rations


   Skills:
 + Level 5.5 Fighting
   Level 2.6(2.9) Short Blades
 + Level 1.8(2.6) Long Blades
 + Level 2.2 Maces & Flails
 + Level 4.2 Armour
 + Level 2.0 Dodging
 + Level 2.3 Invocations
 + Level 0.2 Evocations


You had 5 spell levels left.
You didn't know any spells.

Dungeon Overview and Level Annotations

Branches:
Dungeon (4/15)
 Temple: D:4-7

Altars:
Wu Jian
The Shining One

Annotations:
D:4 Robin


Innate Abilities, Weirdness & Mutations

You reflexively headbutt those who attack you in melee.
You have a pair of horns on your head.


Message History

You can't go down here!
You can't go down here!
You can't go down here!
You can't go down here!
You can't go down here!
The orc priest closely misses you.
You riposte.
You hit the orc priest. Your headbutt misses the orc priest.
The orc priest is moderately wounded.
The ogre closely misses you.
You climb upwards.
There is a stone staircase leading down here.
Aiming: Disintegrate
Press: ? - help, Shift-Dir - straight line, f - ogre
Aim: an ogre, wielding a giant club (chance to defeat MR: 67%)
The ogre is blasted.
The orc priest hits you but does no damage.
You hit the ogre.
The ogre is severely wounded.
The ogre hits you with a giant club!
You die...

#.###.# #.# #.# ###
### # ###### #
##..#.## # #.†....##
# #######.......# ##
#..O@...#.....######8
#...o.###........##..
#.......####.......).
#.....### #.#.......
#.....# ####.#####
###.### ### # #. #.


You could see an ogre and an orc priest.

Vanquished Creatures
  A hungry ghost (D:3)
  2 orc wizards (D:3)
  4 adders
  A worm (D:3)
  2 dart slugs (D:1)
  A leopard gecko (D:3)
  9 orcs (D:3)
  A ball python (D:1)
  2 giant cockroaches
  7 goblins
  A hobgoblin (D:1)
  5 kobolds
  A quokka (D:3)
  4 bats
  3 rats
44 creatures vanquished.

Notes
Turn   | Place    | Note
-------+----------+-------------------------------------------
     0 | Abyss:1  | Iko the Minotaur Abyssal Knight began the quest for the Orb.
     0 | Abyss:1  | Reached XP level 1. HP: 19/19 MP: 1/1
     3 | Abyss:1  | Found a corrupted altar of Lugonu.
    16 | Abyss:2  | Noticed a raiju
    18 | Abyss:2  | Noticed a raiju
    18 | Abyss:2  | Noticed a raiju
    18 | D:1      | Escaped the Abyss
   103 | D:1      | Reached XP level 2. HP: 18/27 MP: 2/2
   112 | D:1      | Reached * piety under Lugonu
   268 | D:2      | Reached skill level 4 in Fighting
   331 | D:3      | Reached XP level 3. HP: 32/33 MP: 3/3
   339 | D:3      | Reached skill level 1 in Maces & Flails
   476 | D:3      | Noticed a hungry ghost
   479 | D:3      | Reached XP level 4. HP: 28/41 MP: 4/4
   517 | D:3      | Killed a hungry ghost
   517 | D:3      | Reached skill level 5 in Fighting
   517 | D:3      | Reached skill level 1 in Long Blades
   517 | D:3      | Reached XP level 5. HP: 13/48 MP: 5/5
   648 | D:4      | Noticed Robin
   653 | D:4      | HP: 2/48 [hobgoblin/club[Robin] (4)]
   765 | D:3      | Found an ornate altar of the Wu Jian Council.
   766 | D:3      | Reached ** piety under Lugonu
   792 | D:4      | Noticed an ogre
   795 | D:3      | Reached XP level 6. HP: 37/56 MP: 6/6
   854 | D:3      | Found a glowing golden altar of the Shining One.
   919 | D:3      | Slain by an ogre

Skill      XL: |  1  2  3  4  5 |
---------------+----------------+-----
Invocations    | 2 |  2.3
Fighting       | 4 5 |  5.5
Maces & Flails | 1 2 |  2.2
Armour         | 3 4 |  4.2
Long Blades    | 1 |  1.8
Dodging        | 2 |  2.0
Short Blades   | |  2.6
Evocations     | |  0.2

Action                   |  1- 3 |  4- 6 || total
-------------------------+-------+-------++-------
Melee: Short sword       |    14 |       ||    14
       Headbutt          |    10 |     7 ||    17
       Mace              |    31 |       ||    31
       Falchion          |    11 |    94 ||   105
Invok: Depart the Abyss  |     1 |       ||     1
Evoke: Wand              |     2 |     4 ||     6
  Use: Scroll            |     2 |     2 ||     4
       Potion            |       |     2 ||     2
  Eat: Ration            |       |     3 ||     3
Armor: Scale mail        |    26 |    46 ||    72
Dodge: Dodged            |    34 |    44 ||    78
       Rpst.: Falchion   |     1 |    10 ||    11
